Map: Amphion LE

Players

WeAreLegion

  • Race: Terran Terran
  • League: Silver
  • Spawn Location: 7:00

A.I. 1 (Elite) - Winner!

  • Race: Terran Terran
  • Spawn Location: 11:00

VOD

Have the link to the VOD?

Description

Time

  • Played on: Dec. 2, 2024, 9:29 p.m.
  • Length: 16:12
Show
View Real Time Build Order
Export as new Build Order

WeAreLegion Terran 

Build Orders: Reaper Expand 

Get SALT Encoding   

  12  0:00  SCV  
  13  0:12  SCV  
  14  0:18  Supply Depot  
  14  0:24  SCV  
  15  0:40  SCV  
  15  0:41  Barracks  
  16  0:47  Barracks  
  16  0:50  Refinery  
  16  0:55  SCV  
  17  1:07  SCV  
  18  1:21  SCV  
  19  1:37  Orbital Command  
  19  1:38  Reaper  
  20  1:53  Command Center  
  20  2:05  SCV  
  21  2:10  Marine  
  22  2:17  SCV  
  22  2:20  Factory  
  23  2:28  Refinery  
  23  2:36  Supply Depot  
  23  2:57  SCV, Marine  
  25  3:08  Starport  
  25  3:09  SCV  
  25  3:11  Orbital Command  
  26  3:18  Barracks Reactor  
  26  3:22  SCV  
  26  3:23  Factory Tech Lab  
  27  3:34  SCV  
  28  3:39  SCV  
  29  3:46  SCV  
  30  3:51  SCV  
  30  3:52  Siege Tank, Medivac  
  36  3:56  Marine x2  
  36  3:58  SCV  
  39  4:03  SCV  
  39  4:04  Supply Depot  
  40  4:10  SCV  
  40  4:14  Marine x2  
  40  4:15  SCV  
  44  4:22  SCV  
  45  4:25  Widow Mine  
  45  4:27  Barracks  
  45  4:28  Barracks  
  47  4:32  Marine x2  
  47  4:33  Supply Depot  
  47  4:37  Supply Depot, SCV x2  
  51  4:47  Starport Tech Lab, Widow Mine  
  51  4:49  SCV  
  54  4:54  Marine x2  
  54  4:56  SCV  
  57  5:01  SCV  
  58  5:08  SCV  
  58  5:12  Marine x2  
  58  5:13  SCV  
  62  5:14  Engineering Bay  
  62  5:20  SCV  
  63  5:25  SCV, Marine x2  
  63  5:27  Siege Tank  
  69  5:29  Refinery  
  69  5:30  Marine  
  69  5:31  Refinery  
  69  5:34  Interference Matrix  
  70  5:39  Supply Depot  
  70  5:40  Supply Depot  
  70  5:47  Marine  
  70  5:48  Raven, SCV x2, Marine  
  76  5:52  Barracks Tech Lab  
  76  5:53  Barracks Tech Lab  
  76  6:00  SCV x2  
  76  6:01  Command Center  
  78  6:05  Marine  
  78  6:06  Marine  
  80  6:12  Siege Tank  
  83  6:27  Raven, Stimpack  
  83  6:32  Combat Shield  
  85  6:34  Marine x4  
  89  6:52  Marauder  
  91  7:00  Marine x3  
  94  7:13  Siege Tank, Marine  
  98  7:15  Barracks  
  98  7:18  Starport Reactor  
  98  7:19  Marauder  
  98  7:22  Barracks  
  100  7:32  Marauder  
  100  7:33  SCV  
  100  7:34  SCV  
  104  7:40  Marauder  
  104  7:42  Marine x2  
  108  7:46  SCV  
  109  8:00  Supply Depot  
  109  8:03  Supply Depot  
  109  8:07  SCV x2, Marine x3, Marauder  
  116  8:17  Siege Tank  
  116  8:18  Medivac  
  117  8:21  SCV, Medivac  
  117  8:22  SCV  
  117  8:24  Supply Depot, Marine x2  
  117  8:25  Marauder  
  117  8:26  Supply Depot  
  125  8:29  Marauder  
  127  8:42  Marine x2  
  127  8:46  Marauder  
  127  8:48  SCV x2, Medivac  
  133  8:50  Marauder  
  137  9:00  SCV x2, Marine x2  
  137  9:02  Siege Tank  
  144  9:04  Liberator  
  144  9:08  Marauder  
  149  9:37  Marine x2  
  149  9:39  Marine  
  149  9:40  SCV  
  149  9:41  Marauder  
  144  9:52  SCV  
  135  9:55  Marine x2  
  133  10:02  Marauder  
  134  10:08  Marine  
  115  10:27  Marauder  
  108  10:51  Marine x4  
  112  11:09  Marine  
  112  11:10  Marauder x2  
  117  11:16  Orbital Command  
  117  11:31  Marauder x2  
  121  11:46  SCV x2  
  123  11:52  Marauder x2  
  127  11:56  Barracks Reactor  
  127  11:58  SCV x2, Command Center, Concussive Shells  
  129  12:04  Barracks  
  129  12:10  SCV x2  
  129  12:14  Marauder  
  133  12:19  Terran Infantry Weapons Level 1, Barracks  
  133  12:20  Barracks  
  133  12:22  SCV  
  134  12:24  Armory  
  134  12:27  Armory  
  134  12:31  SCV, Marauder  
  134  12:34  Supply Depot  
  134  12:36  Supply Depot  
  137  12:38  SCV  
  137  12:43  SCV  
  139  12:48  Marine x3  
  142  12:56  SCV, Marine, Liberator x2  
  142  12:58  Supply Depot, Siege Tank, SCV  
  154  13:00  Supply Depot  
  154  13:05  Marine  
  154  13:06  Marauder  
  154  13:10  SCV  
  158  13:14  Marauder  
  160  13:28  Marauder  
  160  13:30  Siege Tank  
  164  13:35  Marauder  
  164  13:39  Medivac x2  
  169  13:45  Marine x2  
  171  13:49  Marauder  
  173  13:56  Marine  
  173  14:02  Siege Tank, Marine  
  174  14:03  Marine  
  174  14:09  Medivac  
  159  14:10  Marauder  
  159  14:15  Marauder  
  130  14:32  Marauder  
  130  14:34  Siege Tank  
  130  14:36  Marauder  
  85  15:06  Siege Tank  
  79  15:27  SCV x2  
  81  15:38  Marine x2  
  81  15:39  SCV x2, Marine x2, Command Center  
  90  15:51  SCV x2  
  90  15:54  Command Center  
Show
View Real Time Build Order
Export as new Build Order

A.I. 1 (Elite) Terran - Winner!

Build Orders: 2 Factory, Mech 

Get SALT Encoding   

  12  0:00  SCV  
  13  0:13  SCV  
  14  0:20  Supply Depot  
  14  0:25  SCV  
  15  0:41  SCV  
  16  0:44  Barracks  
  16  0:53  SCV  
  17  1:06  SCV  
  18  1:18  Supply Depot, SCV  
  19  1:21  Refinery  
  19  1:30  SCV  
  19  1:31  Marine  
  21  1:42  SCV  
  22  1:49  Marine  
  22  1:50  Refinery  
  23  1:54  SCV  
  24  2:06  SCV  
  24  2:07  Marine  
  26  2:18  SCV  
  26  2:19  Factory  
  27  2:25  Marine  
  28  2:30  SCV  
  29  2:38  Factory  
  29  2:42  SCV  
  29  2:43  Marine  
  31  2:45  Supply Depot  
  31  2:55  Orbital Command  
  31  3:05  Factory Tech Lab  
  31  3:06  Marine  
  32  3:20  SCV  
  32  3:22  Command Center, Factory Tech Lab  
  32  3:24  Marine  
  34  3:32  SCV  
  35  3:44  SCV  
  36  3:56  SCV  
  37  4:06  Supply Depot  
  37  4:08  SCV  
  38  4:13  Barracks  
  38  4:20  SCV  
  39  4:27  Siege Tank  
  39  4:28  Siege Tank  
  45  4:33  SCV  
  45  4:34  SCV  
  47  4:40  Supply Depot, Marine  
  47  4:45  SCV  
  49  4:46  SCV  
  49  4:51  Supply Depot  
  50  4:57  SCV  
  50  4:58  SCV  
  50  4:59  Siege Tank  
  55  5:00  Siege Tank  
  58  5:09  SCV  
  58  5:10  SCV  
  60  5:16  Barracks Tech Lab  
  60  5:17  Factory  
  60  5:24  Command Center  
  60  5:32  Siege Tank, Hellion  
  65  5:46  Armory  
  65  5:53  Hellion  
  67  6:03  Armory  
  67  6:05  Hellion  
  67  6:06  Hellion  
  67  6:09  Supply Depot  
  71  6:15  Hellion  
  73  6:26  Hellion  
  75  6:34  Terran Vehicle Weapons Level 1  
  75  6:36  SCV x2, Siege Tank  
  80  6:47  Refinery  
  80  6:50  Terran Vehicle And Ship Armor Level 1  
  80  6:52  Refinery  
  80  6:54  Infernal Pre-Igniter  
  80  6:59  Orbital Command  
  80  7:06  Engineering Bay  
  80  7:09  SCV x2  
  82  7:18  Thor  
  82  7:21  SCV  
  89  7:23  SCV  
  89  7:24  SCV  
  89  7:25  Supply Depot  
  91  7:30  Command Center  
  91  7:33  SCV  
  91  7:36  Missile Turret  
  92  7:39  Missile Turret  
  92  7:49  Thor  
  98  7:55  Supply Depot  
  98  7:56  Factory Tech Lab  
  98  8:02  Siege Tank  
  100  8:15  Siege Tank  
  102  8:27  Supply Depot  
  102  8:33  Widow Mine  
  104  8:34  Thor  
  104  8:40  Terran Vehicle Weapons Level 2  
  110  8:42  Orbital Command, SCV  
  110  8:44  SCV  
  110  8:45  SCV  
  113  8:55  SCV, Missile Turret  
  114  8:56  SCV  
  114  8:57  SCV  
  116  9:03  Missile Turret  
  116  9:07  SCV  
  116  9:08  SCV x2  
  116  9:09  SCV  
  119  9:19  SCV, Thor  
  119  9:24  Supply Depot, SCV  
  127  9:26  SCV  
  127  9:27  SCV  
  127  9:31  SCV, Widow Mine  
  132  9:36  SCV, Marine  
  132  9:38  Marine, Missile Turret  
  133  9:39  SCV  
  133  9:41  SCV  
  133  9:43  SCV  
  136  9:47  Starport  
  136  9:53  Supply Depot  
  136  9:56  Marine  
  136  9:57  Marine  
  132  10:02  Missile Turret  
  132  10:07  Siege Tank  
  132  10:09  Hellion  
  132  10:10  Siege Tank  
  132  10:14  Marine  
  128  10:15  Marine  
  124  10:23  Refinery  
  124  10:25  Medivac  
  120  10:30  Hellion  
  120  10:31  Marine  
  120  10:32  Refinery  
  120  10:33  Marine  
  121  10:39  Hellion  
  121  10:42  Thor  
  123  10:45  Command Center  
  123  10:47  SCV x2  
  119  10:52  Hellion  
  119  10:54  SCV x2  
  119  10:55  Starport Tech Lab  
  120  10:59  SCV  
  120  11:01  Siege Tank  
  118  11:13  Siege Tank  
  118  11:14  Liberator  
  124  11:25  Siege Tank, Missile Turret  
  127  11:29  Supply Depot  
  127  11:33  Siege Tank  
  127  11:37  Barracks  
  130  11:44  Terran Vehicle Weapons Level 3  
  130  11:45  Hellion  
  132  11:57  Liberator, Hellion  
  132  11:59  SCV  
  138  12:05  Siege Tank  
  138  12:07  Hellion  
  143  12:10  Planetary Fortress, Refinery  
  143  12:13  Missile Turret  
  143  12:14  Missile Turret  
  143  12:16  Missile Turret  
  143  12:17  Command Center  
  143  12:18  Siege Tank  
  143  12:19  Missile Turret  
  143  12:21  Missile Turret  
  146  12:24  Engineering Bay  
  146  12:26  Refinery  
  146  12:28  Thor  
  152  12:31  Barracks  
  152  12:33  Supply Depot  
  152  12:37  Hellion  
  152  12:40  Raven  
  152  12:41  Barracks Reactor  
  152  12:43  Missile Turret  
  156  12:51  Hellion  
  158  12:55  Marine  
  158  12:56  Barracks Tech Lab, Starport  
  158  12:57  Supply Depot  
  159  12:59  Hellion  
  161  13:13  Marine  
  161  13:14  Liberator, Hi-Sec Auto Tracking  
  161  13:19  Marine x2  
  167  13:20  Stimpack  
  167  13:21  Supply Depot, Marine x2  
  167  13:22  Combat Shield  
  169  13:31  Marine  
  169  13:32  Medivac  
  172  13:36  Marine  
  172  13:40  Refinery, Command Center  
  173  13:42  Terran Infantry Weapons Level 1, Refinery  
  173  13:44  Planetary Fortress  
  173  13:55  Missile Turret  
  173  13:57  Marauder x2, Medivac  
  173  13:59  Missile Turret  
  173  14:02  Liberator  
  169  14:03  Hellion  
  169  14:05  Hellion, Factory  
  163  14:11  Missile Turret, Hellion  
  159  14:19  Marauder x2  
  159  14:21  SCV, Marine  
  155  14:24  Hellion  
  155  14:26  Liberator, Hellion  
  159  14:40  Marauder x2  
  159  14:45  Liberator  
  151  14:54  Siege Tank x2  
  151  14:55  Siege Tank, Refinery  
  145  15:01  Marauder x2  
  146  15:09  Medivac  
  146  15:12  Marine  
  148  15:15  Refinery  
  148  15:22  Concussive Shells  
  148  15:23  Marauder  
  148  15:26  Siege Tank x2, Thor  
  148  15:28  Viking  
  164  15:29  Missile Turret  
  166  15:51  Missile Turret  
  166  15:52  Missile Turret  
  166  16:03  Missile Turret  
Tags
 
Composition
Mech
League
Silver
Matchup
TvT
Race
Terran
Replay Pack
December
Spawn Locations
Close Positions
Add a new tag
Caveats
  • Supply blocks, unpowered buildings, or Contaminate may cause inaccurate times.
  • Supply counts are checked every 10 seconds.